 Dungeon Crawl Stone Soup version 0.28-a0-1518-gbe868bca14 (webtiles) character file.

Game seed: 4256751058996394653

264 croobank the Skirmisher (level 5, -5/48 HPs)
             Began as a Minotaur Berserker on Jan 16, 2022.
             Was a Believer of Trog.
             Killed by divine providence
             ... invoked by an orc priest
              (16 damage)
             ... on level 3 of the Dungeon.
             The game lasted 00:07:15 (2063 turns).

croobank the Skirmisher (Minotaur Berserker)        Turns: 2063, Time: 00:07:15

Health: -5/48      AC:  4    Str: 23    XL:     5   Next: 98%
Magic:  4/4        EV: 12    Int:  4    God:    Trog [**....]
Gold:   114        SH:  0    Dex: 10    Spells: 4/4 levels left

rFire   . . .      SeeInvis .   a - +2 short sword (venom)
rCold   . . .      Faith    .   (no shield)
rNeg    + . .      Spirit   .   h - +0 leather armour
rPois   .          Reflect  .   (helmet restricted)
rElec   .          Harm     .   (no cloak)
rCorr   .          Rampage  .   g - +0 pair of gloves
Will    .....                   (no boots)
Stlth   +.........              (no amulet)
HPRegen 0.16/turn               p - ring of positive energy
MPRegen 0.09/turn               (no ring)

@: on berserk cooldown, slowed, very slow
A: horns 2, retaliatory headbutt
a: Renounce Religion, Berserk, Trog's Hand


You were on level 3 of the Dungeon.
You worshipped Trog.
Trog was pleased with you.
You visited 1 branch of the dungeon, and saw 3 of its levels.

You collected 114 gold pieces.

Inventory:

Hand Weapons
 a - a +2 short sword of venom (weapon)
 b - a +0 hunting sling
 e - a +0 hand axe
 r - a +0 short sword of draining
Missiles
 c - 47 stones (quivered)
 n - 16 arrows
 o - 41 sling bullets
Armour
 g - a +0 pair of gloves (worn)
 h - a +0 leather armour (worn)
Jewellery
 p - a ring of positive energy (left hand)
Scrolls
 j - a scroll of enchant weapon
 k - a scroll of acquirement {unknown}
 q - a scroll of immolation {unknown}
Potions
 f - a potion of brilliance {unknown}
 i - a potion of haste {unknown}
 l - a potion of flight {unknown}


   Skills:
 + Level 5.1 Fighting
 + Level 5.1 Axes
 + Level 4.2 Armour
 + Level 3.9 Dodging


You had 4 spell levels left.
You didn't know any spells.
Your spell library was empty.

Dungeon Overview and Level Annotations

Branches:
Dungeon (3/15)

Altars:


Innate Abilities, Weirdness & Mutations

You have a pair of horns on your head.
You reflexively headbutt those who attack you in melee.


Message History

You are exhausted.
You feel yourself slow down. The orc priest misses you.
You closely miss the orc. The orc hits you with a +0 hand axe.
The orc priest hits you from afar with a +0 trident.
The orc closely misses you.
You closely miss the orc.
The orc priest miscasts a cantrip.
The orc hits you but does no damage.
The orc priest hits you from afar with a +0 trident.
You hit the orc but do no damage. The orc closely misses you.
The orc priest hits you from afar with a +0 trident.
* * * LOW HITPOINT WARNING * * *
The orc closely misses you. You furiously retaliate!
You headbutt the orc, but do no damage.
The orc priest hits you from afar with a +0 trident.
* * * LOW HITPOINT WARNING * * *
You feel better. The orc barely misses you. The orc priest closely misses you.
The orc barely misses you.
The orc priest mumbles some strange prayers to Beogh against you.
Beogh smites you!
* * * LOW HITPOINT WARNING * * *
You feel better. The orc barely misses you. The orc priest misses you.
A goblin comes into view. It is wielding a +0 dagger.
The goblin shouts!
The orc closely misses you. You furiously retaliate!
You headbutt the orc, but do no damage.
The orc priest begins to cast a cantrip, but forgets the words!
The orc priest looks braver for a moment.
The goblin hits you with a +0 dagger.
* * * LOW HITPOINT WARNING * * *
The orc priest hits you from afar with a +0 trident.
* * * LOW HITPOINT WARNING * * *
The orc hits you with a +0 hand axe.
* * * LOW HITPOINT WARNING * * *
As you read the scroll labelled SOASKA GYALUGG, it crumbles to dust.
It is a scroll of identify.
j - a scroll of enchant weapon The orc priest calls down the wrath of Beogh upon you.
Beogh smites you!
You die...

........S...#o.#
...........##.#
......##...##.###
.....# ######...##
.... #....# #.
#.?..# # .. #....#
....#.#### #....#
#......@o####....#
##....g..o.o)....#
#.......####....#
#.......# #....#
#.####### #....# #
#....# ######


You could see 2 orc priests, an orc and a goblin.

Vanquished Creatures
  A water moccasin (D:3)
  Natasha (twice) (D:3)
  Terence (D:2)
  2 adders
  4 worms (D:2)
  2 orcs (D:3)
  2 ball pythons (D:1)
  4 endoplasms (D:1)
  6 giant cockroaches
  6 goblins
  7 hobgoblins
  6 kobolds
  5 quokkas
  5 bats
  A frilled lizard (D:2)
  3 rats (D:1)
57 creatures vanquished.

Notes
Turn   | Place    | Note
-------+----------+-------------------------------------------
     0 | D:1      | croobank the Minotaur Berserker began the quest for the
                  | Orb.
     0 | D:1      | Reached XP level 1. HP: 19/19 MP: 0/0
   212 | D:1      | Reached XP level 2. HP: 18/27 MP: 1/1
   817 | D:1      | Reached XP level 3. HP: 33/33 MP: 2/2
  1226 | D:2      | Reached ** piety under Trog
  1505 | D:2      | Found a faded altar of an unknown god.
  1688 | D:2      | Reached XP level 4. HP: 40/41 MP: 3/3
  1819 | D:2      | Noticed Terence
  1825 | D:2      | Killed Terence
  1962 | D:3      | Noticed Natasha
  1964 | D:3      | Noticed a water moccasin
  1971 | D:3      | Killed Natasha
  1983 | D:3      | Killed a water moccasin
  1984 | D:3      | Reached skill level 5 in Fighting
  1984 | D:3      | Reached XP level 5. HP: 25/48 MP: 4/4
  1987 | D:3      | Noticed Natasha
  1994 | D:3      | Killed Natasha
  1995 | D:3      | Reached skill level 5 in Axes
  2063 | D:3      | Killed from afar by an orc priest

Illustrated notes

Levels and vault maps discovered:
D:1:      dpeg_arrival_brainrot, layout_loops_ring, minmay_indecisive_spiral
D:2:      layout_rooms, shapermc_ecumenical_altar_acropolis, kennysheep_boxes,
          uniq_terence
D:3:      layout_rooms, chequers_arboretum, glass_columns_b, uniq_natasha

Skill      XL: |  1  2  3  4  5 |
---------------+----------------+-----
Fighting       | 4 5 |  5.1
Axes           | 4 5 |  5.1
Armour         | 3 4 |  4.2
Dodging        | 3 |  3.9

Action                   |  1- 3 |  4- 6 || total
-------------------------+-------+-------++-------
Melee: Short sword       |    62 |    47 ||   109
       Hand axe          |     5 |       ||     5
       Headbutt          |     7 |     7 ||    14
       Punch             |     1 |     1 ||     2
Invok: Berserk           |       |     1 ||     1
       Trog's Hand       |       |     1 ||     1
  Use: Potion            |       |     3 ||     3
       Scroll            |       |     1 ||     1
Armor: Animal skin       |     2 |       ||     2
       Leather armour    |     9 |    25 ||    34
Dodge: Dodged            |    39 |    51 ||    90

Table legend: (Time is in decaauts)
 A = Elapsed time spent in this place.
 B = Non-inter-level travel time spent in this place.
 C = Inter-level travel time spent in this place.
 D = Time resting spent in this place.
 E = Time spent auto-exploring this place.
 F = Levels seen in this place.
 G = Mean time per level.
                   A        B        C        D        E       F      G
               +--------+--------+--------+--------+--------+-----+--------+
         Total |   2095 |   2050 |     45 |     14 |   1492 |   3 |  698.3 |
       Dungeon |   2095 |   2050 |     45 |     14 |   1492 |   3 |  698.3 |
               +--------+--------+--------+--------+--------+-----+--------+

Top non-repeatable levels by time:
     D:1: 1212 daAuts
     D:2: 751 daAuts
     D:3: 131 daAuts
